Map: Dreamcatcher LE

Players

baemax

  • Race: Zerg Zerg
  • League: Platinum
  • Spawn Location: 5:00

Cliggity - Winner!

  • Race: Protoss Protoss
  • League: Platinum
  • Spawn Location: 11:00

VOD

Have the link to the VOD?

Description

Time

  • Played on: Nov. 11, 2018, 4:01 p.m.
  • Length: 22:26
Show
View Real Time Build Order
Export as new Build Order

baemax Zerg 

Build Orders: Hatch First, Lurkers 

Get SALT Encoding   

  12  0:01  Drone  
  13  0:08  Drone  
  14  0:16  Overlord  
  14  0:35  Drone x3  
  17  0:53  Hatchery  
  16  0:58  Drone  
  16  1:00  Drone  
  16  1:03  Extractor  
  17  1:18  Spawning Pool  
  16  1:19  Drone  
  16  1:22  Drone  
  18  1:39  Drone  
  19  1:46  Drone  
  20  1:53  Drone  
  21  2:01  Drone  
  22  2:09  Queen x2  
  22  2:13  Zergling x4  
  28  2:16  Overlord  
  28  2:20  Metabolic Boost  
  28  2:39  Drone  
  28  2:40  Drone x3  
  32  2:54  Hatchery  
  32  2:56  Queen  
  33  3:04  Drone x3  
  36  3:09  Overlord  
  36  3:22  Spore Crawler  
  36  3:25  Drone  
  36  3:33  Drone x7  
  43  3:57  Overlord x2  
  43  3:58  Zergling x2  
  44  4:05  Queen  
  44  4:07  Queen  
  48  4:10  Drone, Spore Crawler  
  48  4:11  Drone x2  
  48  4:15  Extractor  
  48  4:16  Extractor  
  48  4:18  Lair  
  48  4:23  Drone x5  
  51  4:42  Extractor  
  51  4:43  Drone x4  
  54  4:53  Drone x5  
  59  5:16  Overlord x2  
  59  5:21  Drone x5  
  62  5:24  Extractor  
  62  5:26  Drone, Extractor  
  62  5:36  Roach Warren  
  62  5:37  Evolution Chamber  
  60  5:46  Drone x5  
  60  5:49  Pneumatized Carapace  
  65  5:54  Drone x2  
  65  5:55  Drone x2  
  69  6:09  Zergling x6  
  72  6:24  Roach x2, Overlord x6  
  76  6:31  Roach x2  
  80  6:34  Spore Crawler  
  80  6:35  Spore Crawler  
  80  6:36  Spore Crawler  
  80  6:37  Spore Crawler  
  74  6:41  Spore Crawler  
  74  6:43  Spore Crawler  
  74  6:44  Queen  
  74  6:45  Hydralisk Den  
  71  6:56  Overlord x2  
  71  6:57  Overlord x5  
  69  7:06  Zerg Missile Weapons Level 1  
  69  7:10  Overlord  
  69  7:11  Evolution Chamber  
  69  7:13  Hydralisk x2  
  69  7:15  Hydralisk  
  72  7:16  Hydralisk x11  
  93  7:36  Hydralisk x5  
  103  7:44  Muscular Augments  
  103  8:01  Drone x3  
  103  8:02  Drone x4  
  110  8:08  Lurker Den, Infestation Pit  
  110  8:09  Drone x2  
  110  8:10  Extractor  
  109  8:13  Hatchery  
  108  8:20  Extractor  
  105  8:34  Zerg Ground Armor Level 1  
  105  8:37  Drone x5  
  105  8:38  Drone x3  
  105  8:39  Queen  
  105  8:40  Queen  
  117  8:41  Queen  
  119  8:48  Roach x2  
  119  8:49  Roach  
  119  8:51  Overlord  
  125  8:56  Grooved Spines  
  125  9:12  Roach x2  
  125  9:13  Overlord x2  
  125  9:14  Overlord x2  
  127  9:59  Lurker x5  
  136  10:00  Lurker x4  
  136  10:02  Drone x6  
  136  10:03  Drone x6  
  148  10:16  Drone  
  148  10:17  Drone x2  
  151  10:22  Overlord  
  151  10:35  Overlord x4  
  151  10:36  Overlord x4  
  151  10:40  Queen x2  
  155  11:00  Hive  
  155  11:06  Extractor  
  155  11:10  Extractor  
  153  11:14  Zerg Missile Weapons Level 2, Zerg Ground Armor Level 2  
  153  11:16  Hydralisk x2  
  153  11:17  Hydralisk x8  
  153  11:18  Hydralisk x2  
  175  11:19  Hydralisk  
  178  11:42  Overseer x3  
  178  11:59  Spire  
  178  12:01  Hatchery  
  176  12:03  Evolution Chamber  
  176  12:05  Queen  
  177  12:31  Roach  
  177  12:32  Roach x6  
  177  12:33  Roach x4  
  199  12:43  Hydralisk  
  193  12:52  Hydralisk  
  193  12:53  Hydralisk x2  
  197  13:12  Hydralisk x3  
  181  13:13  Hydralisk x3  
  181  13:17  Hydralisk x4  
  144  13:22  Hydralisk x3  
  144  13:23  Roach x2  
  144  13:24  Roach x4  
  154  13:30  Queen  
  154  13:54  Hydralisk x6  
  154  13:55  Hydralisk x5  
  156  14:01  Lurker x2  
  156  14:02  Lurker x2  
  150  14:17  Hydralisk x3  
  150  14:18  Hydralisk, Roach  
  150  14:19  Roach x5  
  160  14:29  Roach x6  
  164  14:37  Roach x3  
  164  14:38  Roach  
  172  14:53  Roach x8  
  172  14:54  Roach x2  
  172  14:56  Extractor, Hatchery  
  172  14:59  Extractor  
  187  15:00  Roach x2  
  187  15:05  Spine Crawler  
  190  15:26  Drone  
  190  15:28  Overlord x6  
  191  15:35  Overseer x3  
  191  15:45  Queen  
  191  16:21  Corruptor  
  191  16:22  Corruptor x3  
  199  16:42  Zerg Missile Weapons Level 3  
  199  16:43  Zerg Ground Armor Level 3  
  199  16:46  Hatchery, Greater Spire  
  198  16:47  Spire  
  197  16:57  Lurker  
  172  17:16  Roach  
  172  17:17  Roach x6  
  172  17:18  Roach x6  
  172  17:19  Roach  
  157  18:20  Hatchery  
  157  18:25  Hydralisk x4  
  157  18:26  Hydralisk x5  
  173  18:48  Spawning Pool, Zerg Melee Weapons Level 1  
  164  19:21  Hydralisk x2  
  164  19:22  Hydralisk x4  
  176  19:40  Hatchery  
  175  19:51  Hatchery  
  174  19:54  Queen  
  173  20:18  Hydralisk x4  
  173  20:19  Hydralisk x2  
  183  20:59  Hatchery  
  94  21:11  Hydralisk  
  94  21:13  Zergling x6  
  94  21:14  Zergling x4  
  77  21:26  Queen  
  77  21:27  Queen  
  71  21:53  Zergling x8  
  71  21:54  Zergling x4  
  75  21:57  Drone x3  
Show
View Real Time Build Order
Export as new Build Order

Cliggity Protoss - Winner!

Build Orders: 1 Gate Expand, Oracle Opening, Phoenix Opening 

Get SALT Encoding   

  12  0:00  Probe  
  13  0:17  Probe  
  13  0:19  Pylon  
  14  0:28  Probe  
  15  0:36  Probe  
  16  0:43  Gateway  
  16  0:44  Probe  
  17  0:53  Assimilator  
  17  1:00  Probe  
  18  1:12  Probe  
  19  1:27  Nexus  
  19  1:29  Probe  
  20  1:38  Cybernetics Core  
  20  1:40  Probe  
  21  1:48  Probe  
  21  1:49  Assimilator  
  22  1:58  Probe  
  23  2:13  Gateway  
  23  2:15  Pylon  
  23  2:30  Stargate  
  24  2:37  Probe  
  24  2:39  Probe, Adept  
  25  2:49  Probe  
  27  2:51  Probe  
  28  3:01  Probe  
  28  3:03  Gateway  
  29  3:06  Gateway  
  29  3:09  Probe  
  30  3:13  Probe  
  30  3:17  Oracle  
  34  3:20  Warp Gate  
  34  3:23  Probe  
  35  3:29  Probe  
  36  3:35  Stargate  
  36  3:36  Probe  
  37  3:43  Probe  
  37  3:46  Assimilator  
  37  3:48  Probe  
  39  3:49  Assimilator  
  39  3:55  Probe  
  40  3:59  Phoenix  
  42  4:11  Probe x2  
  42  4:13  Adept  
  46  4:18  Pylon  
  46  4:19  Pylon  
  46  4:25  Pylon  
  46  4:32  Probe  
  46  4:36  Probe, Zealot  
  46  4:38  Phoenix x2  
  54  4:52  Probe  
  55  4:56  Phoenix  
  55  4:58  Phoenix  
  59  5:13  Gateway x2  
  59  5:14  Gateway  
  56  5:24  Phoenix x2  
  60  5:31  Twilight Council, Pylon  
  60  6:01  Charge  
  59  6:20  Templar Archives, Pylon  
  59  6:24  Gateway  
  59  6:26  Gateway  
  58  6:41  Zealot x5  
  68  7:00  Probe x2  
  70  7:07  Zealot x4  
  78  7:16  Phoenix, Pylon  
  78  7:18  Pylon  
  79  7:38  Psionic Storm  
  79  7:50  High Templar x6  
  91  8:01  Forge  
  91  8:03  Forge  
  91  8:04  Archon x3  
  91  8:05  Pylon  
  91  8:07  Pylon, High Templar  
  91  8:10  Pylon  
  93  8:17  Nexus  
  93  8:21  Probe  
  93  8:22  Probe  
  93  8:26  Protoss Ground Weapons Level 1  
  93  8:27  Protoss Ground Armor Level 1  
  95  8:33  Probe, Zealot x6  
  108  8:53  Probe x2  
  110  8:58  High Templar  
  110  8:59  Zealot x3, High Templar  
  110  9:00  Zealot  
  122  9:05  Probe  
  122  9:09  Probe  
  124  9:17  Probe  
  125  9:29  Pylon  
  125  9:31  Pylon  
  125  9:34  Pylon  
  125  9:45  Robotics Facility  
  117  9:47  Robotics Facility  
  115  10:00  Protoss Ground Armor Level 2  
  115  10:02  High Templar x4  
  115  10:03  Zealot x2  
  115  10:04  Zealot  
  129  10:09  Probe  
  129  10:10  Probe x2  
  132  10:17  Probe  
  132  10:18  Probe, Protoss Ground Weapons Level 2  
  132  10:27  Assimilator  
  134  10:30  Assimilator  
  134  10:32  Pylon  
  134  10:33  Warp Prism  
  134  10:35  Observer  
  137  10:36  Pylon  
  137  10:50  Zealot x4  
  137  10:51  Zealot x3  
  151  11:00  Probe  
  151  11:01  Probe x2  
  154  11:09  Observer  
  155  11:13  Probe x3  
  155  11:17  Immortal  
  162  11:25  Probe x3  
  165  11:31  Observer  
  166  11:35  Zealot x4  
  166  11:36  Zealot x3  
  166  11:37  Probe  
  166  11:39  Observer  
  179  11:57  Observer  
  179  12:20  High Templar  
  181  12:25  Pylon  
  181  12:27  Pylon  
  181  12:29  Pylon  
  181  12:31  Pylon  
  181  12:33  High Templar x4  
  181  12:37  Archon x2  
  176  12:57  Zealot x2  
  176  12:58  Zealot x2  
  176  13:08  Observer  
  118  13:32  Archon  
  118  13:33  Archon x2  
  118  13:35  High Templar x8  
  118  13:39  Archon x4  
  110  14:13  Zealot x8  
  110  14:15  Protoss Ground Weapons Level 3, Protoss Ground Armor Level 3  
  96  14:26  Immortal x2  
  102  14:34  Gateway  
  102  14:35  Gateway  
  92  14:38  Gateway  
  92  14:40  Gateway  
  92  14:41  Gateway  
  92  14:43  Gateway  
  90  14:54  Fleet Beacon  
  90  14:55  High Templar x2  
  90  14:56  Zealot x6  
  104  15:16  Zealot  
  104  15:17  Zealot x5  
  116  15:27  Nexus  
  116  15:28  High Templar x2  
  116  15:31  Assimilator  
  116  15:35  Assimilator  
  120  15:38  Pylon  
  120  15:42  Pylon  
  120  15:44  Pylon  
  120  15:45  Zealot x6  
  132  15:54  Probe x3  
  135  16:06  Probe x3  
  135  16:07  Dark Shrine  
  126  16:13  High Templar  
  126  16:14  High Templar x5  
  126  16:15  Zealot x3  
  126  16:16  Zealot x5  
  154  16:28  Probe x3  
  157  16:36  Immortal x2  
  165  16:44  Probe  
  165  16:45  Probe x2  
  167  16:58  Zealot x6  
  167  16:59  Zealot x5  
  167  17:00  Zealot  
  167  17:01  Zealot x2  
  180  17:33  Zealot x10  
  200  17:41  Graviton Catapult  
  180  18:15  Probe x3  
  175  18:26  Nexus  
  175  18:29  Pylon  
  175  18:32  Pylon  
  175  18:33  Carrier x2  
  187  18:34  Warp Prism  
  187  18:36  Assimilator  
  187  18:37  Dark Templar x5  
  187  18:38  Protoss Shields Level 1  
  187  18:39  Protoss Air Weapons Level 1  
  187  18:40  Assimilator  
  199  19:09  Immortal x2  
  197  19:30  Zealot x6  
  197  19:31  Zealot  
  191  19:53  Zealot x4  
  191  20:09  Probe x2  
  191  20:14  Immortal  
  197  20:19  Warp Prism  
  197  20:34  Shield Battery  
  193  20:37  Shield Battery  
  115  21:13  Archon  
  87  21:31  Zealot x10  
  87  21:32  Zealot x4  
  115  21:43  Assimilator  
  98  21:53  Zealot x12  
  98  21:54  Zealot  
  92  22:15  Zealot x4  
  92  22:16  Zealot x3  
Tags
 
Add a new tag
Caveats
  • Supply blocks, unpowered buildings, or Contaminate may cause inaccurate times.
  • Supply counts are checked every 10 seconds.